 Dungeon Crawl Stone Soup version 0.32-a0-290-g598725c5f2 (webtiles) character file.

Game seed: 7856503397357050249

423 Dittersdorf the Shield-Bearer (level 6, 0/40 HPs)
             Began as a Gargoyle Fighter on Feb 13, 2024.
             Slain by an ogre
             ... wielding a +0 giant club
              (17 damage)
             ... on level 4 of the Dungeon.
             The game lasted 00:02:52 (2589 turns).

Dittersdorf the Shield-Bearer (Gargoyle Fighter)    Turns: 2589, Time: 00:02:53

Health: 0/40       AC: 15    Str: 21    XL:     6   Next: 95%
Magic:  6/6        EV:  8    Int:  9    God:
Gold:   168        SH:  4    Dex:  9    Spells: 5/5 levels left

rFire   . . .        a - +0 flail
rCold   . . .        c - +0 buckler
rNeg    + . .        i - +0 chain mail
rPois   ∞            (no helmet)
rElec   +            (no cloak)
rCorr   .            (no gloves)
SInv    .            p - +0 pair of boots
Will    .....        s - amulet of regeneration Stlth
                     (no ring)
HPRegen 1.06/turn    (no ring)
MPRegen 0.10/turn

%: no passive effects
@: no status effects
A: sickness immunity, AC +4, negative energy resistance 1, electricity
resistance, torment resistance 1, petrification resistance
a: no special abilities


You were on level 4 of the Dungeon.
You visited 2 branches of the dungeon, and saw 5 of its levels.

You collected 168 gold pieces.

Inventory:

Hand Weapons
 a - a +0 flail (weapon)
Armour
 c - a +0 buckler (worn)
 i - a +0 chain mail (worn)
 o - a +0 plate armour
 p - a +0 pair of boots (worn)
Jewellery
 b - an amulet of magic regeneration
 s - an amulet of regeneration (around neck)
Wands
 r - a wand of flame (11)
Scrolls
 e - 2 scrolls of poison {unknown}
 h - a scroll of vulnerability {unknown}
 j - 5 scrolls of identify {unknown}
 l - a scroll of revelation {unknown}
 m - a scroll of teleportation {unknown}
 n - a scroll of fear {unknown}
 t - a scroll of blinking {unknown}
 v - 2 scrolls of noise {unknown}
 w - a scroll of immolation {unknown}
Potions
 d - a potion of might
 f - 2 potions of magic {unknown}
 g - a potion of brilliance {unknown}
 k - a potion of lignification {unknown}
 q - a potion of haste {unknown}
 u - a potion of curing {unknown}


   Skills:
 + Level 5.0 Fighting
 + Level 3.8 Maces & Flails
 + Level 5.0 Armour
 + Level 5.0 Shields


You had 5 spell levels left.
You didn't know any spells.
Your spell library was empty.

Dungeon Overview and Level Annotations

Branches:
Dungeon (4/15)             Temple (1/1) D:4

Altars:
Dithmenos
Elyvilon
Fedhas
Hepliaklqana
Makhleb
Nemelex Xobeh
Okawaru
Qazlal
Ru
Sif Muna
Trog
Vehumet
Xom
Yredelemnul
Zin
The Shining One


Innate Abilities, Weirdness & Mutations

You are immune to sickness and miasma.
Your stone body is resilient. (AC +4)
You are immune to poison.
You resist negative energy. (rN+)
You are resistant to electric shocks. (rElec)
You are resistant to unholy torment.
You are immune to petrification.


Message History

The hound bites you but does no damage. The hound closely misses you.
You hit the hound.
You kill the hound!
The ogre hits you but does no damage.
Your Fighting skill increases to level 5!
Your Armour skill increases to level 5!
You barely miss the ogre. The ogre closely misses you.
You hit the ogre but do no damage. You completely miss the ogre.
The ogre hits you with a +0 giant club.
You hit the ogre.
The ogre is lightly wounded.
The ogre hits you with a +0 giant club!
You closely miss the ogre.
The ogre is lightly wounded.
The ogre barely misses you.
You thump the ogre!
The ogre is heavily wounded.
The ogre hits you with a +0 giant club!
You are too injured to fight recklessly!
You are too injured to fight recklessly!
You are too injured to fight recklessly!
You are too injured to fight recklessly!
You are too injured to fight recklessly!
You are too injured to fight recklessly!
You are too injured to fight recklessly!
You are too injured to fight recklessly!
You are too injured to fight recklessly!
You are too injured to fight recklessly!
You are too injured to fight recklessly!
You are too injured to fight recklessly!
You are too injured to fight recklessly!
You are too injured to fight recklessly!
You are too injured to fight recklessly!
You are too injured to fight recklessly!
You are too injured to fight recklessly!
You are too injured to fight recklessly!
You barely miss the ogre.
The ogre is heavily wounded.
The ogre hits you with a +0 giant club!
You die...

#........##... #.
.########...#)##.. #.
...####...........
##.#..... #..........>
#...#...###.......##..
#..................#..
#..........)......)..
#...O...........#.†..
##..@.......#..##.[..
##...........#.##.....
#.....#..............#
##...........(.#......#
##......#.##...#..#....#
#......######..#.....#.)
##...#.#...#...##...###.
###.....>....###....# .
#..........## ..### .


You could see an ogre.

Vanquished Creatures
  A phantom (D:4)
  2 hounds (D:4)
  Jessica (D:3)
  An orc wizard (D:3)
  7 adders
  2 dart slugs
  3 ribbon worms (D:2)
  4 orcs (D:3)
  5 bats
  8 endoplasms
  7 giant cockroaches
  10 goblins
  9 hobgoblins
  9 jackals
  3 kobolds
  2 quokkas
  8 ball pythons
  6 frilled lizards
  7 rats
95 creatures vanquished.

Notes
Turn   | Place    | Note
-------+----------+-------------------------------------------
     0 | D:1      | Dittersdorf the Gargoyle Fighter began the quest for the
                  | Orb.
     0 | D:1      | Reached XP level 1. HP: 14/14 MP: 1/1
    20 | D:1      | Reached XP level 2. HP: 14/19 MP: 2/2
   269 | D:1      | Reached XP level 3. HP: 22/23 MP: 3/3
   870 | D:2      | Reached XP level 4. HP: 29/29 MP: 4/4
  1142 | D:2      | Reached XP level 5. HP: 27/33 MP: 5/5
  1834 | D:3      | Found a hazy altar of Hepliaklqana.
  1850 | D:3      | Reached XP level 6. HP: 23/39 MP: 6/6
  1965 | D:3      | Noticed Jessica
  1976 | D:3      | Killed Jessica
  2513 | D:4      | Reached skill level 5 in Shields
  2548 | D:4      | Found a staircase to the Ecumenical Temple.
  2556 | Temple   | Entered the Ecumenical Temple
  2583 | D:4      | Reached skill level 5 in Fighting
  2583 | D:4      | Reached skill level 5 in Armour
  2589 | D:4      | Slain by an ogre

Illustrated notes

Levels and vault maps discovered:
D:1:      dpeg_arrival_round_c, layout_loops_ring
D:2:      layout_rooms, st_stairs_14
D:3:      layout_loops_cross, mainiacjoe_overflow_chevrons, uniq_jessica
D:4:      layout_cave_pools, minmay_temple_entry_drinking_statues,
          minmay_door_square
Temple:   nicolae_temple_bog_church

Skill      XL: |  1  2  3  4  5  6 |
---------------+-------------------+-----
Shields        | 4 5 |  5.0
Fighting       | 4 5 |  5.0
Armour         | 4 5 |  5.0
Maces & Flails | 3 |  3.8

Action                     |  1- 3 |  4- 6 || total
---------------------------+-------+-------++-------
  Melee: Flail             |    91 |   355 ||   446
 Armour: Scale mail        |    50 |       ||    50
         Chain mail        |    29 |   438 ||   467
  Dodge: Dodged            |    32 |   245 ||   277
  Block: Buckler           |    28 |   117 ||   145

Table legend: (Time is in decaauts)
 A = Elapsed time spent in this place.
 B = Non-inter-level travel time spent in this place.
 C = Inter-level travel time spent in this place.
 D = Time resting spent in this place.
 E = Time spent auto-exploring this place.
 F = Levels seen in this place.
 G = Mean time per level.
                   A        B        C        D        E       F      G
               +--------+--------+--------+--------+--------+-----+--------+
         Total |   2720 |   2563 |    157 |     83 |   1595 |   5 |  544.0 |
       Dungeon |   2718 |   2561 |    157 |     83 |   1595 |   4 |  679.5 |
        Temple |      1 |      1 |      0 |      0 |      0 |   1 |    1.0 |
               +--------+--------+--------+--------+--------+-----+--------+

Top non-repeatable levels by time:
     D:3: 913 daAuts
     D:1: 890 daAuts
     D:2: 665 daAuts
     D:4: 248 daAuts
  Temple: 1 daAuts
